 Dungeon Crawl Stone Soup version 0.29-a0-356-g7bc237e783 (webtiles) character file.

Game seed: 2534312783081716344

14 Larae the Insei (level 2, 0/16 HPs)
             Began as a Vine Stalker Monk on Apr 25, 2022.
             Slain by a kobold
             ... wielding a +2 dagger of pain
              (1 damage)
             ... on level 1 of the Dungeon.
             The game lasted 00:00:50 (533 turns).

Larae the Insei (Vine Stalker Monk)                  Turns: 533, Time: 00:00:51

Health: 0/16       AC:  2    Str: 13    XL:     2   Next: 45%
Magic:  0/3        EV: 12    Int: 10    God:
Gold:   26         SH:  0    Dex: 16    Spells: 1/1 levels left

rFire   . . .      SeeInvis .     - Unarmed
rCold   . . .      Faith    .   (no shield)
rNeg    . . .      Spirit   +   a - +0 robe
rPois   .          Reflect  .   (no helmet)
rElec   .          Harm     .   (no cloak)
rCorr   .          Rampage  .   (no gloves)
Will    .....                   (no boots)
Stlth   ++........              (no amulet)
HPRegen 0.05/turn               (no ring)
MPRegen 0.08/turn               (no ring)

@: no status effects
A: fangs 2, magic shield, antimagic bite, no potion heal 2
a: no special abilities


You were on level 1 of the Dungeon.
You visited 1 branch of the dungeon, and saw 1 of its levels.

You collected 26 gold pieces.

Inventory:

Armour
 a - a +0 robe (worn)
Scrolls
 c - a scroll of fear {unknown}
 d - a scroll of fog {unknown}


   Skills:
 + Level 3.1 Fighting
 - Level 2.4 Dodging
 - Level 2.4 Stealth
 + Level 3.4 Unarmed Combat


You had one spell level left.
You didn't know any spells.
Your spell library was empty.

Dungeon Overview and Level Annotations

Branches:
Dungeon (1/15)

Altars:


Innate Abilities, Weirdness & Mutations

You have extremely sharp teeth.
When hurt, damage is shared between your health and your magic reserves.
Your bite disrupts and absorbs the magic of your enemies.
Potions cannot restore your health.


Message History

You feel invigorated. The bat hits you. The bat barely misses you.
You hit the bat but do no damage. You bite the bat, but do no damage.
The bat barely misses you. The bat hits you.
Unknown command.
You hit the bat.
You kill the bat!
The giant cockroach barely misses you.
You hit the giant cockroach. The giant cockroach misses you.
Unknown command.
You hit the giant cockroach.
You bite the giant cockroach, but do no damage.
The giant cockroach bites you.
You hit the giant cockroach.
You kill the giant cockroach!
You punch the ball python!
You kill the ball python!
Unknown command.
You hit the ball python. You bite the ball python.
You kill the ball python!
A ball python comes into view.
The frilled lizard bites you.
* * * LOW HITPOINT WARNING * * *
Items here: ††††.
You completely miss the frilled lizard. The frilled lizard closely misses you.
You barely miss the frilled lizard. You bite the frilled lizard.
You kill the frilled lizard!
Unknown command.
You miss the kobold. Your bite misses the kobold.
The kobold hits you with a +2 dagger of pain.
* * * LOW HITPOINT WARNING * * *
You writhe in agony.
* * * LOW HITPOINT WARNING * * *
You closely miss the kobold.
The kobold hits you with a +2 dagger of pain.
* * * LOW HITPOINT WARNING * * *
You are confused.
Your system rejects the healing.
You feel invigorated.
The kobold hits you with a +2 dagger of pain.
You're too confused to move!
The kobold closely misses you.
You bump into the rock wall.
The kobold hits you with a +2 dagger of pain.
Unknown command.
You bump into the rock wall.
You feel less invigorated.
You feel less confused. The kobold hits you but does no damage.
You barely miss the kobold. The kobold completely misses you.
Unknown command.
You closely miss the kobold.
The kobold hits you with a +2 dagger of pain.
You die...

.######.##.####..###........##
#.........................
#.#.#.#####..##...........
###.#.#.#####..##.#.#####...
#...........#........ #...
##..#.#####.#..##..#.# #...
#..#.............. .. #...
#..#######.#..##.. #...
#..#....##@#..## ####
#..##.#.##K#...#
.........Kl#.#.#
.####.K.....†..#
#.....#.....).#
.$..##...#......... ....
#...........#. $!.
#...#...!.### #r #...#.....#


You could see 2 kobolds and a frilled lizard.

Vanquished Creatures
  2 giant cockroaches (D:1)
  2 hobgoblins (D:1)
  2 quokkas (D:1)
  2 ball pythons (D:1)
  A bat (D:1)
  3 frilled lizards (D:1)
  A goblin (D:1)
  2 rats (D:1)
15 creatures vanquished.

Notes
Turn   | Place    | Note
-------+----------+-------------------------------------------
     0 | D:1      | Larae the Vine Stalker Monk began the quest for the Orb.
     0 | D:1      | Reached XP level 1. HP: 11/11 MP: 2/2
   445 | D:1      | Reached XP level 2. HP: 16/16 MP: 3/3
   533 | D:1      | Slain by a kobold

Illustrated notes

Levels and vault maps discovered:
D:1:      minmay_arrival_four_loops, layout_basic, minmay_hexomino_c4

Skill      XL: |  1  2 |
---------------+-------+-----
Fighting       | 3 |  3.1
Dodging        | |  2.4
Stealth        | |  2.4
Unarmed Combat | |  3.4

Action                   || total
-------------------------++-------
Melee: Unarmed           ||    44
       Bite              ||     9
       Punch             ||     2
  Use: Potion            ||     1
 Stab: Sleeping          ||     4
Armor: Robe              ||    11
Dodge: Dodged            ||    34

Table legend: (Time is in decaauts)
 A = Elapsed time spent in this place.
 B = Non-inter-level travel time spent in this place.
 C = Inter-level travel time spent in this place.
 D = Time resting spent in this place.
 E = Time spent auto-exploring this place.
 F = Levels seen in this place.
 G = Mean time per level.
                   A        B        C        D        E       F      G
               +--------+--------+--------+--------+--------+-----+--------+
         Total |    530 |    521 |      9 |    192 |    204 |   1 |  530.0 |
       Dungeon |    530 |    521 |      9 |    192 |    204 |   1 |  530.0 |
               +--------+--------+--------+--------+--------+-----+--------+

Top non-repeatable levels by time:
     D:1: 530 daAuts
